 Dungeon Crawl Stone Soup version 0.27.0-1-g7a089689b8 (webtiles) character file.

Game seed: 803148758025365655

4646 ParallaxScroll the Nimble (level 10, -5/78 HPs)
             Began as a Djinni Gladiator on Aug 1, 2021.
             Was an Initiate of Gozag.
             Slain by a wight (18 damage)
             ... on level 9 of the Dungeon.
             The game lasted 01:39:39 (14380 turns).

ParallaxScroll the Nimble (Djinni Gladiator)       Turns: 14380, Time: 01:39:40

Health: -5/78      AC:  4    Str: 16    XL:     10   Next: 70%
Gold:   420        EV: 19    Int: 10    God:    Gozag SH:  0 Dex: 21

rFire    + + .     SeeInvis .   c - +2 dagger (holy)
rCold    + . .     Faith    .   (no shield)
rNeg     . . .     Spirit   .   x - +0 robe {rC+ rF+}
rPois    ∞         Reflect  .   i - +0 helmet
rElec    .         Harm     .   (no cloak)
rCorr    .         Rampage  .   f - +0 pair of gloves
Will     +....                  (boots unavailable)
Stlth    ++........             (no amulet)
HPRegen  0.23/turn              D - ring of ice
MPRegen  0.00/turn              o - +6 ring of dexterity

@: mighty, gold aura, flying
A: sickness immunity, fire resistance 2, cold vulnerability 1, float, innate
caster, hp casting, extra vitality 1
a: Renounce Religion, Potion Petition, Call Merchant, Bribe Branch


You were on level 9 of the Dungeon.
You worshipped Gozag.
Gozag was aware of your devotion.
You visited 2 branches of the dungeon, and saw 10 of its levels.

You collected 590 gold pieces.
You paid 170 gold pieces to Gozag.

Inventory:

Hand Weapons
 a - a +0 hunting sling
 b - a +0 dagger of venom
 c - a +2 dagger of holy wrath (weapon)
 d - a +0 dagger of freezing
 e - a +2 trident of freezing
 L - a +0 shortbow
 N - a +1 vorpal great mace
Missiles
 g - 66 bolts
 j - 114 sling bullets
 k - 136 arrows
 F - 3 atropa-tipped darts
 H - 3 boomerangs
 J - 7 curare-tipped darts (quivered)
 P - 29 poisoned darts
 Q - 184 stones
Armour
 f - a +0 pair of gloves (worn)
 i - a +0 helmet (worn)
 x - a +0 robe of resistance (worn)
 R - a +1 chain mail of poison resistance
 S - the +1 robe of Boredom {rF+ rN+++ Int-3 Dex+7}
   (You found it on level 7 of the Dungeon)

   Int:       It affects your intelligence (-3).
   Dex:       It affects your dexterity (+7).
   rF:        It protects you from fire.
   rN:        It renders you almost immune to negative energy.
 U - the +0 scale mail of Gestures {Will+}
   (You found it on level 7 of the Dungeon)

   Will:      It increases your willpower.
 W - a +0 plate armour
Jewellery
 o - a +6 ring of dexterity (right hand)
 t - a ring of wizardry
 D - a ring of ice (left hand)
 I - a +6 ring of intelligence
 O - a ring of protection from fire
Wands
 l - a wand of flame (20)
 z - a wand of iceblast (3)
 B - a wand of acid (1)
Scrolls
 h - 3 scrolls of enchant armour
 m - a scroll of identify
 u - 3 scrolls of fog
 G - 2 scrolls of fear {unknown}
 K - a scroll of brand weapon {unknown}
 M - 3 scrolls of enchant weapon {unknown}
 V - a scroll of immolation {unknown}
Potions
 p - a potion of degeneration {unknown}
 q - a potion of attraction {unknown}
 r - a potion of mutation {unknown}
 w - a potion of ambrosia
 A - a potion of magic
 E - 4 potions of brilliance
 T - a potion of heal wounds {unknown}


   Skills:
 - Level 9.0 Fighting
 - Level 3.0 Staves
 - Level 2.0 Throwing
 + Level 9.8 Dodging
 - Level 6.0 Spellcasting
 - Level 3.0 Evocations


You had 12 spell levels left.
You knew the following spells:

 Your Spells              Type           Power      Damage    Failure   Level
a - Ensorcelled Hibernat  Hex/Ice        44%        N/A       2%          2
b - Sting                 Tmut/Pois      60%        1d6       1%          1
c - Dazzling Flash        Conj/Hex       30%        N/A       5%          3
d - Vampiric Draining     Necr           7%         2d7       5%          3
Your spell library was empty.

Dungeon Overview and Level Annotations

Branches:
Dungeon (9/15)             Temple (1/1) D:5
   Lair: D:8-11         Orc: D:9-12

Altars:
Ashenzari
Cheibriados
Dithmenos
Elyvilon
Fedhas
Gozag
Hepliaklqana
Kikubaaqudgha
Makhleb
Nemelex Xobeh
Okawaru
Qazlal
Sif Muna
Trog
Uskayaw
Vehumet
Wu Jian
Xom
Yredelemnul
Zin
The Shining One

Shops:
D:2 [

Annotations:
D:3 2 runed translucent doors, JBAR's ghost, amateur GnFi
D:6 bees?
D:7 vamp and wraith


Innate Abilities, Weirdness & Mutations

You are immune to sickness and miasma.
You are immune to poison.
Your flesh is very heat resistant. (rF++)
You are vulnerable to cold. (rC-)
You float through the air rather than walking.
You learn spells naturally, not from books.
Your magical power is your life essence.
You have superior vitality. (+4 HP)


Message History

The wight misses you.
You hit the wight but do no damage. The wight hits you with a +0 hand axe.
You hit the wight.
The wight convulses.
The wight is moderately damaged.
The wight hits you with a +0 hand axe.
You hit the wight but do no damage.
The wight is moderately damaged.
The wight closely misses you.
Press: ? - help, v - describe, . - travel
Here: a wight, wielding a +0 hand axe and wearing a +0 robe (moderately damaged)
The floor.
Okay, then.
You feel very mighty all of a sudden. The wight closely misses you.
You closely miss the wight.
The wight is moderately damaged.
The wight closely misses you.
The wight hits you with a +3 great sword!
You hit the wight.
The wight convulses.
The wight is severely damaged.
The wight closely misses you.
The wight hits you with a +0 short sword!
The wight completely misses you.
You barely miss the wight.
The wight is severely damaged.
The wight hits you with a +0 hand axe.
The wight hits you with a +0 short sword.
* * * LOW HITPOINT WARNING * * *
The wight misses you.
You hit the wight.
You destroy the wight!
The wight misses you.
The wight hits you with a +3 great sword.
* * * LOW HITPOINT WARNING * * *
A wight comes into view. It is wielding a +4 morningstar.
Things that are here:
14 gold pieces; a +0 hand axe; a +0 robe The wight hits you with a +4 morningstar!!
You die...
Your body crumbles into a pile of gold.

.## .. .# ###.# #...#
#.### ##$# #z.# #####
.. ####@## #<..# ##.#
#zz$.# ##.#..##...
#.#### #..##....##
#..######.####....###
##....z#..###..##...#
#####...z.##.##.....
###.#....#......
###.####........
#...# #..#......


You could see 3 wights.

Vanquished Creatures
  A two-headed ogre (D:9)
  A centaur zombie (D:7)
  A troll (D:9)
  A wyvern (D:8)
  A water moccasin (D:7)
  Duvessa (D:6)
  3 orc warriors
  2 ice beasts
  A black bear (D:6)
  3 ogres
  A sky beast (D:7)
  2 centaurs (D:6)
  3 kobold brigands (D:9)
  3 bullfrogs
  A wyvern zombie (D:9)
  4 scorpions
  Dowan (D:6)
  3 killer bees
  2 wights (D:9)
  4 howler monkeys
  3 crimson imps (D:6)
  2 bullfrog zombies (D:6)
  2 hounds
  4 jellies
  2 bullfrog skeletons (D:6)
  A gnoll shaman (D:5)
  7 orc wizards
  2 iguanas
  8 gnolls
  9 adders
  A white imp (D:5)
  4 worms
  3 dart slugs
  24 orcs
  A bat (D:2)
  7 endoplasms
  2 giant cockroaches (D:3)
  5 goblins
  2 hobgoblins
  3 jackals (D:1)
  4 quokkas
  4 ball pythons
  3 frilled lizards
  14 kobolds
  7 rats
163 creatures vanquished.

Vanquished Creatures (others)
  A gnoll (D:7)
  A bush (D:6)
  A fungus (D:3)
  A plant (D:3)
4 creatures vanquished.

Grand Total: 167 creatures vanquished

Notes
Turn   | Place    | Note
-------+----------+-------------------------------------------
     0 | D:1      | ParallaxScroll the Djinni Gladiator began the quest for the
                  | Orb.
     0 | D:1      | Reached XP level 1. HP: 18/18 MP: 0/0
   149 | D:1      | Reached XP level 2. HP: 23/23 MP: 0/0
   800 | D:2      | HP: 1/24 [ball python (2)]
   803 | D:2      | Reached XP level 3. HP: 1/29 MP: 0/0
   803 | D:2      | Learned a level 1 spell: Sting
  1800 | D:2      | Noticed an ogre
  2401 | D:2      | Reached skill level 1 in Spellcasting
  2547 | D:2      | Reached XP level 4. HP: 27/35 MP: 0/0
  2686 | D:2      | Found a white marble altar of Elyvilon.
  2706 | D:2      | Became a worshipper of Elyvilon the Healer
  2826 | D:2      | Found Neseup's Armour Shoppe.
  3283 | D:3      | Found a large runed translucent door.
  3284 | D:3      | Found a large runed translucent door.
  3286 | D:3      | Noticed JBAR's ghost (amateur GnFi)
  3333 | D:3      | Found a faded altar of an unknown god.
  3631 | D:3      | Reached XP level 5. HP: 22/41 MP: 0/0
  3631 | D:3      | Learned a level 2 spell: Ensorcelled Hibernation
  3832 | D:3      | Found a basalt altar of Yredelemnul.
  4079 | D:3      | Reached * piety under Elyvilon
  4221 | D:4      | Found a glowing golden altar of the Shining One.
  5016 | D:4      | Reached XP level 6. HP: 27/47 MP: 0/0
  5373 | D:5      | Entered Level 5 of the Dungeon
  5506 | D:5      | Found a staircase to the Ecumenical Temple.
  5543 | D:5      | Found a white marble altar of Elyvilon.
  5674 | D:5      | Noticed an ogre
  5786 | D:5      | Killed an ogre
  5951 | D:5      | Reached XP level 7. HP: 53/53 MP: 0/0
  5951 | D:5      | Learned a level 3 spell: Vampiric Draining
  6051 | D:5      | Reached skill level 5 in Fighting
  6287 | D:5      | Reached ** piety under Elyvilon
  6805 | D:5      | Reached XP level 8. HP: 43/62 MP: 0/0
  7548 | D:6      | Noticed Duvessa
  7758 | D:6      | Noticed Dowan
  7773 | D:6      | Killed Dowan
  8615 | D:6      | Reached skill level 5 in Dodging
  8644 | D:6      | Killed Duvessa
  9455 | D:6      | Reached XP level 9. HP: 37/68 MP: 0/0
  9455 | D:6      | Learned a level 3 spell: Dazzling Flash
  9631 | D:6      | Found a shimmering altar of Xom.
  9683 | D:6      | Reached skill level 5 in Spellcasting
 10790 | D:7      | Reached skill level 1 in Evocations
 10791 | D:7      | Identified the +1 robe of Boredom {rF+ rN+++ Int-3 Dex+7}
 10905 | D:7      | Identified the +0 scale mail of Gestures {Will+}
 11415 | D:7      | Found a glowing silver altar of Zin.
 11415 | D:7      | Found a burning altar of Makhleb.
 11416 | D:7      | Noticed an Executioner
 11416 | D:7      | Noticed an angel
 11705 | D:8      | Reached XP level 10. HP: 69/76 MP: 0/0
 11746 | D:8      | Reached *** piety under Elyvilon
 12173 | D:8      | Found a snail-covered altar of Cheibriados.
 12685 | D:8      | Noticed a skeletal warrior
 12687 | D:8      | Noticed a skeletal warrior
 12697 | D:8      | Noticed a skeletal warrior
 12699 | D:8      | Found a hazy altar of Hepliaklqana.
 12919 | D:8      | Found a hide-covered altar of Uskayaw.
 12993 | Temple   | Entered the Ecumenical Temple
 13169 | Temple   | Fell from the grace of Elyvilon
 13169 | Temple   | Became a worshipper of Gozag Ym Sagoz the Greedy
 13325 | D:8      | Noticed a skeletal warrior
 13784 | D:9      | Noticed a kobold demonologist
 14084 | D:9      | Noticed a kobold demonologist
 14252 | D:9      | Noticed a two-headed ogre
 14279 | D:9      | Killed a two-headed ogre
 14380 | D:9      | Slain by a wight

Illustrated notes

Levels and vault maps discovered:
D:1:      minmay_arrival_stair_chambers, layout_basic
D:2:      layout_loops_ring, basic_altar, serial_shops, shop_fountains
D:3:      layout_basic, mainiacjoe_overflow_concentric_impassable,
          shapermc_ecumenical_altar_mp_ritualfount, ebering_ghost_disaster_area,
          st_stairs_9, kennysheep_generic_room_8
D:4:      layout_basic, mainiacjoe_overflow_tiny_flanked, lemuel_doored_altar
D:5:      layout_basic, mainiacjoe_overflow_six_doors_small,
          minmay_temple_entry_crystal_x
D:6:      layout_loops_ring, led_xom_imps, kb_lookout_dungeons_type,
          grunt_decor_junction, kennysheep_generic_room_13, uniq_duvessa
D:7:      layout_basic, grunt_temple_overflow_order_and_chaos_2
D:8:      layout_cave_pools, kennysheep_mini, mainiacjoe_overflow_alcove_2,
          kennysheep_mini_moat, minivault_19
D:9:      layout_rooms, orc_0_dummy
Temple:   grunt_temple_mini_profane

Skill      XL: |  1  2  3  4  5  6  7  8  9 10 |
---------------+-------------------------------+-----
Staves         | 3 |  3.0
Fighting       | 3 4 6 7 8 9 |  9.0
Spellcasting   | 1 2 3 4 5 6 |  6.0
Dodging        | 4 6 8 9 |  9.8
Throwing       | 2 |  2.0
Evocations     | 3 |  3.0

Action                   |  1- 3 |  4- 6 |  7- 9 | 10-12 || total
-------------------------+-------+-------+-------+-------++-------
Melee: Quarterstaff      |    92 |    34 |       |       ||   126
       Dagger            |       |   103 |   363 |   125 ||   591
 Fire: Hunting sling     |       |    19 |    44 |    19 ||    82
Throw: Stone             |     6 |     3 |     1 |     1 ||    11
       Throwing net      |     2 |       |     2 |     1 ||     5
       Boomerang         |       |       |       |     3 ||     3
       Dart              |       |       |       |     1 ||     1
 Cast: Sting             |       |    13 |    23 |    32 ||    68
       Ensorcelled Hiber |       |    10 |    13 |     6 ||    29
       Dazzling Flash    |       |       |     2 |     1 ||     3
       Vampiric Draining |       |       |       |     2 ||     2
Invok: Purification      |       |       |       |     1 ||     1
Evoke: Wand              |       |       |     3 |     2 ||     5
  Use: Scroll            |       |       |     8 |     4 ||    12
       Potion            |       |       |       |     8 ||     8
 Stab: Sleeping          |       |     5 |     3 |     2 ||    10
       Invisible         |       |       |     6 |       ||     6
Armor: Leather armour    |    24 |    27 |       |       ||    51
       Robe              |       |    13 |    77 |    18 ||   108
Dodge: Dodged            |    57 |    55 |   331 |   121 ||   564
